 Dungeon Sprint DCSS version 0.28-a0-769-g550dbda0cd (webtiles) character file.

Game seed: 6710183450490858817

34 mhtbhm the Skirmisher (level 3, 0/26 HPs)
             Began as a Gargoyle Fighter on Oct 31, 2021.
             Slain by a sky beast (1 damage)
             ... in the Dungeon (Sprint IX: "|||||||||||||||||||||||||||||").
             The game lasted 00:00:16 (93 turns).

mhtbhm the Skirmisher (Gargoyle Fighter)              Turns: 93, Time: 00:00:17

Health: 0/26       AC: 10    Str: 20    XL:     3   Next: 31%
Magic:  3/3        EV:  9    Int:  8    God:
Gold:   0          SH:  4    Dex:  9    Spells: 2/2 levels left

rFire   . . .      SeeInvis .   a - +0 flail
rCold   . . .      Faith    .   c - +0 buckler
rNeg    + . .      Spirit   .   b - +0 scale mail
rPois   ∞          Reflect  .   (no helmet)
rElec   +          Harm     .   (no cloak)
rCorr   .          Rampage  .   (no gloves)
Will    .....      NoTele   +   (no boots)
Stlth   ..........              (no amulet)
HPRegen 0.08/turn               (no ring)
MPRegen 0.08/turn               (no ring)

@: on berserk cooldown, slowed, very slow
A: sickness immunity, AC +3, negative energy resistance 1, electricity
resistance, torment resistance 1, petrification resistance
a: no special abilities


You were in the Dungeon.
You visited 1 branch

Inventory:

Hand Weapons
 a - a +0 flail (weapon)
Armour
 b - a +0 scale mail (worn)
 c - a +0 buckler (worn)
Scrolls
 j - a scroll of blinking
Potions
 d - a potion of might
 e - a potion of curing
 g - a potion of haste
 h - 2 potions of magic


   Skills:
 + Level 5.3 Fighting
 + Level 2.8 Maces & Flails
 + Level 4.5 Armour
 + Level 5.0 Shields


You had 2 spell levels left.
You didn't know any spells.
Your spell library was empty.

Dungeon Overview and Level Annotations

Branches:
Dungeon (1/1)

Altars:


Innate Abilities, Weirdness & Mutations

You are immune to sickness and miasma.
Your stone body is resilient. (AC +3)
You are immune to poison.
You resist negative energy. (rN+)
You are resistant to electric shocks. (rElec)
You are resistant to unholy torment.
You are immune to petrification.


Message History

You miss something. Something hits you but does no damage.
You miss something. Something hits you but does no damage.
You hit something. You miss something. Something hits you.
* * * LOW HITPOINT WARNING * * *
Something shocks you. You resist.
* * * LOW HITPOINT WARNING * * *
You barely miss something. You block something's attack.
You thump something! Something hits you but does no damage.
You miss something. Something hits you.
* * * LOW HITPOINT WARNING * * *
Something shocks you. You resist.
* * * LOW HITPOINT WARNING * * *
You sock something!
Unknown command.
You barely miss something.
You are no longer berserk.
You are exhausted.
You feel yourself slow down. Something hits you but does no damage.
You hit something. Something hits you but does no damage. Something hits you.
* * * LOW HITPOINT WARNING * * *
Something shocks you. You resist.
* * * LOW HITPOINT WARNING * * *
You closely miss something.
A sky beast appears from thin air!
Reactivating autopickup.
The sky beast barely misses you.
The sky beast hits you but does no damage.
Unknown command.
You closely miss the sky beast.
The sky beast is almost dead.
The sky beast barely misses you. x2
You closely miss the sky beast.
The sky beast is almost dead.
The sky beast closely misses you. The sky beast completely misses you.
You closely miss the sky beast.
The sky beast is almost dead.
The sky beast hits you.
* * * LOW HITPOINT WARNING * * *
The sky beast shocks you. You resist.
You die...

▓+▓
▓.▓
▓.▓
▓Z▓
▓w▓
▓S▓
▓Y▓
▓@▓
▓.▓
▓.▓
▓†▓
▓.▓
▓)▓
▓.▓
▓.▓
▓.▓


You could see a sky beast, an adder, a dart slug and a ball python zombie.

Vanquished Creatures
  A gnoll shaman (D)
  2 bats (D)
  A goblin (D)
  A frilled lizard (D)
  A rat (D)
6 creatures vanquished.

Notes
Turn   | Place    | Note
-------+----------+-------------------------------------------
     0 | D        | mhtbhm the Gargoyle Fighter began the quest for the Orb.
     0 | D        | Reached XP level 1. HP: 14/14 MP: 1/1
    66 | D        | Noticed a sky beast
    66 | D        | Noticed a gnoll shaman
    78 | D        | Killed a gnoll shaman
    79 | D        | Reached skill level 5 in Fighting
    79 | D        | Reached skill level 5 in Shields
    79 | D        | Reached XP level 2. HP: 15/21 MP: 2/2
    79 | D        | Reached XP level 3. HP: 19/26 MP: 3/3
    93 | D        | HP: 1/26 [sky beast (2)]
    93 | D        | Slain by a sky beast

Illustrated notes

Levels and vault maps discovered:
D:        linesprint [early_d, line_temple, items_1, d_10, items_2, lair_1,
          lair_end, items_3, orc_1, orc_end, items_4, d_15, swamp_1, shoals_1,
          snake_1, spider_1, d_20, vaults_1, items_5, swamp_end, shoals_end,
          snake_end, spider_end, vaults_end, d_27, items_6, zot_1, zot_end,
          crypt_end, forest_end, elf_end, slime_end, tomb_end, abyss_end,
          pan_hell_end]

Skill      XL: |  1 |
---------------+----+-----
Shields        | 5 |  5.0
Fighting       | 5 |  5.3
Armour         | 4 |  4.5
Maces & Flails | |  2.8

Action                   || total
-------------------------++-------
Melee: Flail             ||    32
  Use: Potion            ||     2
Armor: Scale mail        ||    13
Dodge: Dodged            ||     9
Block: Buckler           ||     4

Table legend: (Time is in decaauts)
 A = Elapsed time spent in this place.
 B = Non-inter-level travel time spent in this place.
 C = Inter-level travel time spent in this place.
 D = Time resting spent in this place.
 E = Time spent auto-exploring this place.
 F = Levels seen in this place.
 G = Mean time per level.
                   A        B        C        D        E       F      G
               +--------+--------+--------+--------+--------+-----+--------+
         Total |     98 |     98 |      0 |     49 |      3 |   1 |   98.0 |
       Dungeon |     98 |     98 |      0 |     49 |      3 |   1 |   98.0 |
               +--------+--------+--------+--------+--------+-----+--------+

Top non-repeatable levels by time:
       D: 98 daAuts
